 Dungeon Crawl Stone Soup version 0.31.0-12-g77e489cdc1 (webtiles) character file.

Game seed: 16202161030383448342

15 BigDaddyOpFi the Trooper (level 2, 0/21 HPs)
             Began as an Octopode Fighter on Feb 29, 2024.
             Hit by a stone thrown by a kobold (2 damage)
             ... on level 1 of the Dungeon.
             The game lasted 00:00:48 (227 turns).

BigDaddyOpFi the Trooper (Octopode Fighter)          Turns: 227, Time: 00:00:49

Health: 0/21       AC:  1    Str: 15    XL:     2   Next: 50%
Magic:  2/2        EV: 13    Int: 10    God:
Gold:   11         SH:  4    Dex: 11    Spells: 1/1 levels left

rFire   . .          .
                       - Unarmed
rCold   . . .        a - +0 buckler
rNeg    . . .        (helmet restricted)
rPois   .            (no amulet)
rElec   .            (no ring)
rCorr   .            (no ring)
SInv    .            (no ring)
Will    .....        (no ring)
Stlth   ++           (no ring)
HPRegen 0.23/turn    (no ring)
MPRegen 0.08/turn    (no ring)
                     (no ring)

%: no passive effects
@: mighty
A: almost no armour, amphibious, 8 rings, camouflage 1, gelatinous body 1,
(nimble swimmer 1), tentacles
a: no special abilities


You were on level 1 of the Dungeon.
You visited 1 branch of the dungeon, and saw 1 of its levels.

You collected 11 gold pieces.

Inventory:

Hand Weapons
 c - a +0 sling
Armour
 a - a +0 buckler (worn)


   Skills:
 + Level 3.2 Fighting
 + Level 3.2 Dodging
 + Level 3.1 Shields
 + Level 2.2 Unarmed Combat


You had one spell level left.
You didn't know any spells.
Your spell library was empty.

Dungeon Overview and Level Annotations

Branches:
Dungeon (1/15)

Altars:


Innate Abilities, Weirdness & Mutations

You cannot wear most types of armour.
You are amphibious.
You can wear up to eight rings at the same time.
Your skin changes colour to match your surroundings (Stealth+).
Your rubbery body absorbs attacks. (AC +1, EV +1)
((You are camouflaged when in or above water. (Stealth+)))
You have tentacles for arms and can constrict up to eight enemies at once.


Message History

As you read the scroll labelled GODEK NOETSIQY, it crumbles to dust.
You hear a loud clanging noise!
It was a scroll of noise.
You hear a shout! x2; You hear an angry hiss. x2; You hear a shout! x2
The quokka twitches its whiskers.
The quokka barely misses you.
You barely miss the quokka. You grab the quokka.
Your squeeze misses the quokka.
You constrict the quokka, but do no damage.
You block the quokka's attack.
You bludgeon the quokka!
You kill the quokka!
The bat hits you but does no damage.
You completely miss the kobold. You grab the kobold.
The kobold is severely wounded.
You constrict the kobold.
You kill the kobold!
You block the bat's attack.
You closely miss the bat. Your grab misses the bat.
Your squeeze misses the bat. The bat hits you but does no damage.
You tentacle-slap the endoplasm.
The endoplasm is severely wounded.
The endoplasm freezes you.
You are frozen.
* * * LOW HITPOINT WARNING * * *
You bludgeon the endoplasm!
You kill the endoplasm!
The bat misses you.
An endoplasm comes into view.
You barely miss the bat.
The endoplasm quivers.
Your grab misses the bat. The bat hits you.
* * * LOW HITPOINT WARNING * * *
A kobold comes into view. It is wielding a +0 club.
You barely miss the bat.
The kobold shouts!
Your grab misses the bat. The bat hits you.
* * * LOW HITPOINT WARNING * * *
The kobold throws a stone.
The stone hits you.
You die...

# #..........##.##
##............ #...............
.........†....
#...........#########..........
#.........####......##.........
##........# ######.....#.......
#.......)###..............[..$
......................J##....!.
##........#..###).###.####..###
#.........#..@bl##...#......#
#...........#.#...........#.#
.......J.....##............#
.#.......##.###...........!
##......##.# #...........#
#.###.###K# ##........... #.
##...#...### ## ....##### ##..#


You could see an endoplasm, a bat, a kobold and a frilled lizard.

Vanquished Creatures
  A dart slug (D:1)
  A bat (D:1)
  An endoplasm (D:1)
  A giant cockroach (D:1)
  A goblin (D:1)
  2 hobgoblins (D:1)
  A kobold (D:1)
  A quokka (D:1)
  A frilled lizard (D:1)
  A rat (D:1)
11 creatures vanquished.

Notes
Turn   | Place    | Note
-------+----------+-------------------------------------------
     0 | D:1      | BigDaddyOpFi the Octopode Fighter began the quest for the
                  | Orb.
     0 | D:1      | Reached XP level 1. HP: 16/16 MP: 1/1
    53 | D:1      | Reached XP level 2. HP: 21/21 MP: 2/2
   227 | D:1      | Hit by a stone thrown by a kobold

Illustrated notes

Levels and vault maps discovered:
D:1:      psy_arrival_conway, layout_rooms

Action                     || total
---------------------------++-------
  Melee: Unarmed           ||    25
         Constrict         ||     5
         Tentacles         ||     1
   Fire: Sling             ||    15
    Use: Scroll            ||     1
         Potion            ||     1
 Armour: Skin              ||    24
  Dodge: Dodged            ||    20
  Block: Buckler           ||     8
